 Dungeon Crawl Stone Soup version 0.29.1-12-g30fa7ad0bf (webtiles) character file.

Game seed: 15280504272944722422

270 booth the Fighter (level 6, -3/57 HPs)
             Began as a Gnoll Wanderer on Jan 15, 2023.
             Was a Believer of Qazlal.
             Killed from afar by Blork the orc (12 damage)
             ... with a puff of frost
             ... on level 4 of the Dungeon.
             The game lasted 00:26:19 (3603 turns).

booth the Fighter (Gnoll Wanderer)                  Turns: 3603, Time: 00:26:20

Health: -3/57      AC:  3    Str: 11    XL:     6   Next: 22%
Magic:  11/11      EV: 12    Int: 11    God:    Qazlal [**....]
Gold:   278        SH:  3    Dex: 14    Spells: 10/11 levels left

rFire   . . .      SeeInvis .   r - +2 hand axe (vamp)
rCold   . . .      Faith    .   (no shield)
rNeg    . . .      Spirit   .   d - +0 leather armour
rPois   .          Reflect  .   (no helmet)
rElec   .          Harm     .   (no cloak)
rCorr   .          Rampage  .   (no gloves)
Will    ++...                   (no boots)
Stlth   +.........              l - amulet of regeneration
HPRegen 0.99/turn               q - ring of willpower
MPRegen 0.12/turn               x - ring of willpower

@: hasted, very quick
A: fangs 1, strong nose, distributed training
a: Renounce Religion, Upheaval


You were on level 4 of the Dungeon.
You worshipped Qazlal.
Qazlal was pleased with you.
You visited 1 branch of the dungeon, and saw 5 of its levels.

You collected 278 gold pieces.

Inventory:

Hand Weapons
 a - a +3 hand axe
 b - a +0 short sword
 i - a +0 mace
 m - a +0 quarterstaff
 r - a +2 vampiric hand axe (weapon)
Missiles
 u - 2 poisoned darts (quivered)
Armour
 d - a +0 leather armour (worn)
Jewellery
 l - an amulet of regeneration (around neck)
 q - a ring of willpower (left hand)
 x - a ring of willpower (right hand)
Wands
 s - a wand of light (3)
 w - a wand of charming (13)
Scrolls
 e - 5 scrolls of teleportation {unknown}
 n - 2 scrolls of fear {unknown}
 o - 2 scrolls of blinking {unknown}
 v - a scroll of identify {unknown}
Potions
 c - 2 potions of brilliance
 f - a potion of might {unknown}
 g - 4 potions of haste
 h - 2 potions of curing {unknown}
 j - 2 potions of heal wounds {unknown}
 k - 3 potions of lignification {unknown}
 p - a potion of berserk rage
 t - 3 potions of mutation {unknown}


   Skills:
 + Level 8.7 Fighting
 + Level 3.2 Short Blades
 + Level 2.0 Long Blades
 + Level 5.0 Axes
 + Level 2.0 Maces & Flails
 + Level 2.0 Polearms
 + Level 2.0 Staves
 + Level 2.0 Ranged Weapons
 + Level 2.0 Throwing
 + Level 5.0 Armour
 + Level 2.0 Dodging
 + Level 2.0 Stealth
 + Level 2.0 Shields
 + Level 2.0 Unarmed Combat
 + Level 3.4 Spellcasting
 + Level 1.5 Conjurations
 + Level 1.5 Hexes
 + Level 1.5 Summonings
 + Level 1.5 Necromancy
 + Level 1.5 Translocations
 + Level 1.5 Transmutations
 + Level 1.5 Fire Magic
 + Level 1.5 Ice Magic
 + Level 1.5 Air Magic
 + Level 1.5 Earth Magic
 + Level 1.5 Poison Magic
 + Level 2.1 Invocations
 + Level 2.0 Evocations


You had 10 spell levels left.
You knew the following spells:

 Your Spells              Type           Power      Damage    Failure   Level
a - Apportation           Tloc           10%        N/A       17%         1

Your spell library contained the following spells:

 Spells                   Type           Power      Damage    Failure   Level
 Sublimation of Blood     Necr           5%         N/A       26%         2
 Wereblood                Tmut           5%         N/A       26%         2
 Alistair's Intoxication  Tmut/Pois      3%         N/A       99%         5
 Summon Hydra             Summ           2%         N/A       100%        7


Dungeon Overview and Level Annotations

Branches:
Dungeon (5/15)
 Temple: D:4-7

Altars:
Qazlal
Vehumet
Wu Jian

Annotations:
D:4 Blork the orc


Innate Abilities, Weirdness & Mutations

You have very sharp teeth.
Your uncanny sense of smell can sniff out nearby items.
Your experience applies equally to all skills.


Message History

You now have 278 gold pieces (gained 15).
Blork the orc comes into view.
He is wielding a +0 battleaxe.
Blork the orc drinks a potion.
Blork the orc suddenly seems more resistant.
Blork the orc is nearby!
Blork the orc casts a spell at you. You block the puff of frost.
Blork the orc barely misses you.
You hit Blork the orc.
Blork the orc is lightly wounded.
You block Blork the orc's attack.
You slash Blork the orc!
Blork the orc is heavily wounded.
Blork the orc barely misses you.
You barely miss Blork the orc.
You bite Blork the orc, but do no damage.
Blork the orc is heavily wounded.
Blork the orc looks satisfied for a moment.
You barely miss Blork the orc.
You bite Blork the orc, but do no damage.
Blork the orc is moderately wounded.
Blork the orc screams, "I'll rip your head off!"
Blork the orc hits you with a +0 battleaxe!
Blork the orc attacks as you move away!
Blork the orc hits you with a +0 battleaxe.
You hit Blork the orc.
You feel better.
Blork the orc is heavily wounded.
Blork the orc hits you with a +0 battleaxe!
You hit Blork the orc.
You feel better.
Blork the orc is heavily wounded.
Blork the orc mumbles some strange words.
Blork the orc seems to speed up.
Blork the orc hits you with a +0 battleaxe!
* * * LOW HITPOINT WARNING * * *
Okay, then.
Okay, then.
It was a potion of haste.
You feel yourself speed up. Blork the orc casts a spell at you.
The puff of frost hits you!
You die...

#.### #.#.# #....#.####...### #.#
#.#.# #....#.#........# #.#
#.#.###....#.#)##..##.#
#.#####............#.##..# #
#.....................#(.###.##
###.##.####.###........##........
.......# #.............#...##.##
.##.###############.....#...#
.##.# ∆.......o@##.....#...#
.##.#+##########.##.....#...##
.##.......# #.##.##.....#...##.
..........# #....##.....#...##..#
####......# #.#####.....###.##...
##........# #.# #..........#.#.
#..##'##### #.#####....####### #.
#.###.# #.....'....+ #. #.#
#.#############....# #


You could see Blork the orc (fast, resistant).

Vanquished Creatures
  An ogre (D:4)
  3 gnolls (D:2)
  6 adders
  2 worms
  6 orcs (D:3)
  3 endoplasms
  4 giant cockroaches
  4 hobgoblins
  3 jackals (D:3)
  5 quokkas
  12 ball pythons
  5 bats
  3 frilled lizards
  7 goblins
  9 kobolds
  22 rats
95 creatures vanquished.

Notes
Turn   | Place    | Note
-------+----------+-------------------------------------------
     0 | D:1      | booth the Gnoll Wanderer began the quest for the Orb.
     0 | D:1      | booth set off with the following items: a +3 hand axe, a +0
                  | short sword, a potion of brilliance, a +0 leather armour.
     0 | D:1      | Reached XP level 1. HP: 26/26 MP: 4/4
   309 | D:1      | Reached XP level 2. HP: 31/33 MP: 5/5
   680 | D:1      | Reached XP level 3. HP: 37/38 MP: 7/7
   942 | D:2      | Reached skill level 1 in Invocations
  1008 | D:2      | Reached skill level 1 in Long Blades
  1008 | D:2      | Reached skill level 1 in Maces & Flails
  1008 | D:2      | Reached skill level 1 in Polearms
  1008 | D:2      | Reached skill level 1 in Staves
  1008 | D:2      | Reached skill level 1 in Ranged Weapons
  1008 | D:2      | Reached skill level 1 in Throwing
  1008 | D:2      | Reached skill level 1 in Dodging
  1008 | D:2      | Reached skill level 1 in Stealth
  1008 | D:2      | Reached skill level 1 in Shields
  1008 | D:2      | Reached skill level 1 in Unarmed Combat
  1008 | D:2      | Reached skill level 1 in Evocations
  1011 | D:2      | Reached XP level 4. HP: 29/45 MP: 8/8
  1098 | D:2      | Reached skill level 1 in Conjurations
  1098 | D:2      | Reached skill level 1 in Hexes
  1098 | D:2      | Reached skill level 1 in Summonings
  1098 | D:2      | Reached skill level 1 in Necromancy
  1098 | D:2      | Reached skill level 1 in Translocations
  1098 | D:2      | Reached skill level 1 in Transmutations
  1098 | D:2      | Reached skill level 1 in Fire Magic
  1098 | D:2      | Reached skill level 1 in Ice Magic
  1098 | D:2      | Reached skill level 1 in Air Magic
  1098 | D:2      | Reached skill level 1 in Earth Magic
  1098 | D:2      | Reached skill level 1 in Poison Magic
  1601 | D:3      | Found a faded altar of an unknown god.
  1614 | D:3      | Prayed at the altar of an unknown god.
  1614 | D:3      | Became a worshipper of Qazlal Stormbringer
  1614 | D:3      | Reached * piety under Qazlal
  1756 | D:3      | Reached XP level 5. HP: 49/51 MP: 9/9
  1794 | D:3      | Found an ornate altar of the Wu Jian Council.
  1884 | D:3      | Reached ** piety under Qazlal
  2164 | D:3      | You fall into a shaft and drop 2 floors!
  2164 | D:5      | Entered Level 5 of the Dungeon
  2946 | D:4      | Found a radiant altar of Vehumet.
  2988 | D:4      | Learned a level 1 spell: Apportation
  3333 | D:4      | Noticed an ogre
  3345 | D:4      | Killed an ogre
  3346 | D:4      | Reached skill level 5 in Axes
  3346 | D:4      | Reached skill level 5 in Armour
  3346 | D:4      | Reached XP level 6. HP: 52/57 MP: 9/11
  3357 | D:4      | Noticed a wyvern
  3358 | D:4      | Noticed an ice beast
  3593 | D:4      | Noticed Blork the orc
  3603 | D:4      | Killed from afar by Blork the orc

Illustrated notes

Levels and vault maps discovered:
D:1:      minmay_arrival_radiant_lines, layout_loops_ring
D:2:      layout_loops_cross, minmay_ruptured
D:3:      layout_basic, old_standard_altar, hellmonk_ecumenical_altar_run_dry,
          st_stairs_1, minivault_26, minmay_rat_hole
D:4:      layout_basic, overflow_temple_1_default, lightli_corner_chamber,
          uniq_blork_the_orc
D:5:      cheibrodos_thug_alley, layout_basic, dancing_weapons_uskayaw,
          general_overflow_altar, grunt_dithmenos_smoke, uniq_eustachio,
          uniq_menkaure

Skill      XL: |  1  2  3  4  5  6 |
---------------+-------------------+-----
Invocations    | 1 2 |  2.1
Long Blades    | 1 2 |  2.0
Maces & Flails | 1 2 |  2.0
Polearms       | 1 2 |  2.0
Staves         | 1 2 |  2.0
Ranged Weapons | 1 2 |  2.0
Throwing       | 1 2 |  2.0
Dodging        | 1 2 |  2.0
Stealth        | 1 2 |  2.0
Shields        | 1 2 |  2.0
Unarmed Combat | 1 2 |  2.0
Evocations     | 1 2 |  2.0
Spellcasting   | 3 |  3.4
Conjurations   | 1 |  1.5
Hexes          | 1 |  1.5
Summonings     | 1 |  1.5
Necromancy     | 1 |  1.5
Translocations | 1 |  1.5
Transmutations | 1 |  1.5
Fire Magic     | 1 |  1.5
Ice Magic      | 1 |  1.5
Air Magic      | 1 |  1.5
Earth Magic    | 1 |  1.5
Poison Magic   | 1 |  1.5
Short Blades   | 3 |  3.2
Axes           | 5 |  5.0
Armour         | 5 |  5.0
Fighting       | |  8.7

Action                   |  1- 3 |  4- 6 || total
-------------------------+-------+-------++-------
Melee: Hand axe          |   105 |   165 ||   270
       Bite              |     8 |    19 ||    27
       Punch             |     1 |     1 ||     2
Throw: Dart              |       |     2 ||     2
  Use: Potion            |       |     1 ||     1
 Stab: Sleeping          |     2 |       ||     2
Armor: Leather armour    |    29 |    37 ||    66
Dodge: Dodged            |    77 |    91 ||   168
Block: Other             |       |    17 ||    17
